 Dungeon Crawl Stone Soup version 0.18.1-6-gd335043 (webtiles) character file.

2678 JirkfaceJones the Destroyer (level 9, -9/52 HPs)
             Began as a Deep Elf Conjurer on May 20, 2016.
             Was a Believer of Sif Muna.
             Shot with an arrow by a centaur (12 damage)
             ... on level 8 of the Dungeon.
             The game lasted 00:23:55 (7861 turns).

JirkfaceJones the Destroyer (Deep Elf Conjurer)     Turns: 7861, Time: 00:24:00

Health: -9/52      AC:  3    Str:  5    XL:     9   Next: 37%
Magic:  5/23       EV: 13    Int: 28    God:    Sif Muna [**....]
Gold:   278        SH:  0    Dex: 15    Spells: 3 memorised, 17 levels left

rFire  . . .     SeeInvis .     o - +2 dagger (speed)
rCold  . . .     Gourm    .     a - +0 robe
rNeg   + . .     Faith    .     (no shield)
rPois  .         Spirit   .     r - +2 helmet
rElec  .         Dismiss  .     B - +0 cloak
rCorr  .         Reflect  .     D - -5 pair of gloves of the Louse {Int+4}
SustAt .         Harm     .     n - +0 pair of boots
MR     .....                    (no amulet)
Stlth  +.........               (no ring)
                                t - ring of positive energy

@: confused, flying, not resistant to hostile enchantments, very unstealthy
A: no striking features
a: Channel Energy, Renounce Religion


You were on level 8 of the Dungeon.
You worshipped Sif Muna.
Sif Muna was pleased with you.
You were not hungry.

You visited 2 branches of the dungeon, and saw 9 of its levels.

You collected 368 gold pieces.
You spent 90 gold pieces at shops.

Inventory:

Hand Weapons
 o - a +2 dagger of speed (weapon)
 L - a +2 short sword of holy wrath
Armour
 a - a +0 robe (worn)
 g - a +0 pair of boots
 n - a +0 pair of boots (worn)
 r - a +2 helmet (worn)
 B - a +0 cloak (worn)
 C - a +0 buckler of reflection
 D - the -5 pair of gloves of the Louse (worn) {Int+4}
   (You found it on level 6 of the Dungeon)

   It affects your intelligence (+4).
Jewellery
 d - an uncursed ring of see invisible
 t - a ring of positive energy (left hand)
Wands
 y - a wand of digging (1/24)
 A - a wand of random effects (31/48)
 H - a wand of digging (14/24)
 I - a wand of flame (24/48)
Scrolls
 e - a scroll of fear
 p - 4 scrolls of remove curse
 q - a scroll of enchant armour {unknown}
 s - 2 scrolls of identify
 w - 2 scrolls of amnesia
 x - a scroll of acquirement {unknown}
 E - a scroll of torment {unknown}
 G - 2 scrolls of teleportation
Potions
 h - 6 potions of curing
 l - a potion of brilliance
 m - 2 potions of resistance
 u - a potion of haste
 v - a potion of flight
 F - a potion of degeneration {unknown}
 J - a potion of invisibility {unknown}
 K - a potion of might {unknown}
Books
 b - a book of Conjurations

   Spells                             Type                      Level
   a - Magic Dart                     Conjuration                  1
   b - Searing Ray                    Conjuration                  2
   c - Dazzling Spray                 Conjuration/Hexes            3
   d - Fulminant Prism                Conjuration/Hexes            4
   e - Iskenderun's Mystic Blast      Conjuration                  4
   f - Iskenderun's Battlesphere      Conjuration/Charms           5
 i - a book of Transfigurations

   Spells                             Type                      Level
   a - Irradiate                      Conjuration/Transmutation    5
   b - Statue Form                    Transmutation/Earth          6
   c - Hydra Form                     Transmutation                6
   d - Dragon Form                    Transmutation                7
Comestibles
 c - 8 bread rations
 f - 3 slices of pizza
 j - 3 meat rations
 k - 3 fruits


   Skills:
 + Level 4.3 Fighting
 - Level 2.4 Dodging
 - Level 2.4 Stealth
 + Level 3.3 Shields
 + Level 8.1 Spellcasting
 * Level 9.9 Conjurations
 + Level 4.4 Invocations


You had 17 spell levels left.
You knew the following spells:

 Your Spells              Type           Power        Failure   Level  Hunger
a - Magic Dart            Conj           ####         1%          1    None
b - Searing Ray           Conj           ######       1%          2    None
c - Iskenderun's Mystic   Conj           ######..     1%          4    ##.....


Dungeon Overview and Level Annotations

Branches:
Dungeon (8/15)             Temple (1/1) D:4
   Lair: D:8-11

Altars:
Ashenzari
Cheibriados
Elyvilon
Fedhas
Kikubaaqudgha
Makhleb
Nemelex Xobeh
Okawaru
Pakellas
Qazlal
Ru
Sif Muna
Trog
Vehumet
Xom
Yredelemnul
Zin
The Shining One

Shops:
D:5 [   D:7 !

Annotations:
D:8 Erolcha


Message History

You see here an arrow.
Read which item? (? for menu, Esc to quit)
Okay, then.
Drink which item? (? for menu, Esc to quit)
It was a potion of flight.
You feel very buoyant.
You fly up into the air.
The centaur shoots an arrow.
The arrow hits you but does no damage.
The centaur shoots an arrow.
The arrow closely misses you.
The centaur shoots an arrow.
The arrow barely misses you.
An orc warrior comes into view. It is wielding a flail.
Drink which item? (? for menu, Esc to quit)
It was a potion of ambrosia.
You are confused.
You feel invigorated.
The orc warrior shouts!
The centaur shoots an arrow.
The arrow hits you.
* * * LOW HITPOINT WARNING * * *
The centaur shoots an arrow.
The arrow hits you!
You die...

#.## ... #.........#..
#(.< ... #.........#..
#### .... #.........#.#
...†.#.........#.# #######
#....#.........#.# #......
$..........((....# #.#####
#.............###.#
#.?..(@(.......##.#####
..........................
#....#c...######.###..####
..c......... #.# #..#
..o....##.... #.# #..#
....... #......#(# #..#
....... .......#.# #..#
....#. ..#....#.. ...# ..
##..


You could see an orc warrior and 2 centaurs.

Vanquished Creatures
  Menkaure (D:6)
  A water moccasin (D:5)
  2 orc warriors
  An ice beast (D:5)
  2 ogres
  3 centaurs
  7 big kobolds
  2 giant frogs (D:8)
  3 scorpions
  2 howler monkeys
  2 crimson imps
  4 hounds
  A giant frog zombie (D:5)
  3 orc priests
  A centaur skeleton (D:5)
  2 iguanas
  Natasha (D:3)
  6 worker ants
  An orc wizard (D:3)
  A killer bee zombie (D:6)
  A hound skeleton (D:6)
  10 gnolls
  11 adders
  A shadow imp (D:4)
  2 oozes
  An adder skeleton (D:4)
  2 worms
  13 orcs
  3 ball pythons
  7 bats
  5 giant cockroaches
  7 goblins
  10 hobgoblins
  13 jackals
  16 kobolds
  6 quokkas
  A giant gecko skeleton (D:5)
  5 giant newts
  A jackal skeleton (D:6)
  A jackal zombie (D:8)
  7 rats
169 creatures vanquished.

Notes
Turn   | Place    | Note
--------------------------------------------------------------
     0 | D:1      | JirkfaceJones the Deep Elf Conjurer began the quest for the Orb.
     0 | D:1      | Reached XP level 1. HP: 10/10 MP: 6/6
   243 | D:1      | Reached XP level 2. HP: 15/15 MP: 5/8
  1125 | D:1      | Reached XP level 3. HP: 20/20 MP: 6/10
  1426 | D:2      | Reached skill level 5 in Conjurations
  1470 | D:2      | Reached skill level 1 in Fighting
  2011 | D:3      | Reached XP level 4. HP: 25/25 MP: 9/12
  2333 | D:3      | Noticed Natasha
  2338 | D:3      | Killed Natasha
  2351 | D:3      | Reached XP level 5. HP: 29/29 MP: 7/13
  2391 | D:4      | Reached skill level 6 in Conjurations
  2701 | D:4      | Learned a level 2 spell: Searing Ray
  2706 | D:4      | Learned a level 4 spell: Iskenderun's Mystic Blast
  2740 | D:4      | Reached skill level 5 in Spellcasting
  2780 | D:4      | Reached XP level 6. HP: 35/35 MP: 4/15
  2980 | D:4      | Found an oddly glowing altar of Pakellas.
  3059 | D:4      | Found a staircase to the Ecumenical Temple.
  3074 | Temple   | Entered the Ecumenical Temple
  3269 | Temple   | Became a worshipper of Sif Muna the Loreminder
  3780 | D:5      | Entered Level 5 of the Dungeon
  3789 | D:5      | Reached skill level 7 in Conjurations
  3789 | D:5      | Reached skill level 1 in Invocations
  3966 | D:5      | Found Toxuzyke's Antique Armour Shop.
  3974 | D:5      | Bought a runed buckler for 90 gold pieces
  3993 | D:5      | Reached XP level 7. HP: 40/40 MP: 12/17
  4109 | D:5      | Found a white marble altar of Elyvilon.
  4375 | D:5      | Reached skill level 1 in Shields
  4935 | D:5      | Reached skill level 8 in Conjurations
  4935 | D:5      | Reached XP level 8. HP: 33/46 MP: 5/19
  5143 | D:6      | Found a snail-covered altar of Cheibriados.
  5239 | D:6      | Reached * piety under Sif Muna
  5427 | D:6      | Got a pair of ichor-stained gloves
  5433 | D:6      | Identified the -5 pair of gloves of the Louse {Int+4} (You found it on level 6 of the Dungeon)
  5472 | D:6      | Noticed Menkaure
  5965 | D:6      | Killed Menkaure
  6204 | D:6      | Reached skill level 9 in Conjurations
  6332 | D:7      | Found an ancient bone altar of Kikubaaqudgha.
  6354 | D:7      | Found a shattered altar of Ashenzari.
  6369 | D:7      | Found a basalt altar of Yredelemnul.
  6774 | D:7      | Found Zanad's Distillery.
  7108 | D:7      | Reached XP level 9. HP: 48/52 MP: 11/22
  7121 | D:7      | Reached ** piety under Sif Muna
  7280 | D:7      | Found a blossoming altar of Fedhas.
  7415 | D:6      | Found a shattered altar of Ashenzari.
  7477 | D:8      | Noticed Erolcha
  7861 | D:8      | Shot with an arrow by a centaur

Skill      XL: |  1  2  3  4  5  6  7  8  9 |
---------------+----------------------------+-----
Conjurations   | 5 6 7 8 9 |  9.9
Fighting       | 1 2 3 4 |  4.3
Spellcasting   | 4 5 6 7 8 |  8.1
Invocations    | 1 2 3 4 |  4.4
Shields        | 1 2 3 |  3.3
Dodging        | |  2.4
Stealth        | |  2.4

Action                   |  1- 3 |  4- 6 |  7- 9 || total
-------------------------+-------+-------+-------++-------
Melee: Unarmed           |    13 |       |       ||    13
 Cast: Magic Dart        |    89 |   119 |   190 ||   398
       Searing Ray       |       |     5 |    30 ||    35
  Use: Scroll            |       |       |    10 ||    10
       Potion            |       |       |     2 ||     2
  Eat: Chunk             |     3 |     6 |     7 ||    16
       Royal jelly       |       |       |     1 ||     1
       Fruit             |       |       |     1 ||     1
       Beef jerky        |       |       |     1 ||     1
Armor: Robe              |     2 |     8 |    10 ||    20
Dodge: Dodged            |    19 |    18 |    63 ||   100
